[Event "*** Titled Tuesday Blitz"]
[Site "Chess.com"]
[Date "2018.10.02"]
[Round "10"]
[White "ChessicallyInclined"]
[Black "nearestway"]
[Result "0-1"]
[WhiteElo "2412"]
[BlackElo "2536"]
[TimeControl "180+2"]
[EndTime "15:12:12 PDT"]
[Termination "nearestway won by resignation"]

1. e4 c5 2. Nf3 d6 3. d4 cxd4 4. Nxd4 Nf6 5. Nc3 a6 6. Bc4 e6 7. Bb3 b5 8. f4 Be7 9. f5 e5 10. Nde2 Bb7 11. Ng3 Nbd7 12. Bg5 Rc8 13. O-O O-O 14.
Bxf6 Nxf6 15. Nd5 Bxd5 16. Bxd5 Nxd5 17. exd5 Bg5 18. Ne4 Be3+ 19. Kh1 f6 20. Qd3 Bb6 21. c3 Rf7 22. a4 Qd7 23. axb5 axb5 24. Ra6 Rb8 25. Rfa1 Qxf5 26. Qxb5 Qxe4 27. Rxb6 Rxb6 28. Qxb6 Qxd5 29. b4 h6 30. h3 f5 31. b5 f4 32.
Qd8+ Rf8 33. Qd7 f3 34. b6 fxg2+ 35. Kh2 Rf1 36. Qc8+ Kh7 0-1

[Event "*** Titled Tuesday Blitz"]
[Site "Chess.com"]
[Date "2018.10.02"]
[Round "10"]
[White "cool4chess"]
[Black "Morshynska"]
[Result "1-0"]
[WhiteElo "2191"]
[BlackElo "2092"]
[TimeControl "180+2"]
[EndTime "15:12:23 PDT"]
[Termination "cool4chess won by resignation"]

1. e4 e5 2. Nf3 Nc6 3. Bb5 a6 4. Ba4 Nf6 5. O-O b5 6. Bb3 Bb7 7. c3 Nxe4 8. d4 Na5 9. Nxe5 Nxb3 10.
Qxb3 Nd6 11. Re1 Be7 12. Bg5 O-O 13. Nc6 Bxc6 14. Rxe7 Kh8 15. Re5 f6 16. Bh4 Re8 17. Nd2 Rxe5 18. dxe5 Nf5 19. Bg3 Nxg3 20. hxg3 fxe5 21.
Re1 Qf6 22. Nf1 Rf8 23. Qc2 d6 24. Ne3 Qg5 25. c4 b4 26. Qd2 a5 27. a3 Rb8 28.
axb4 axb4 29. Ra1 h6 30. Ra7 Qd8 31. b3 Rb6 32. Qa2 Kh7 33. Nd5 Bxd5 34. cxd5 Qd7 35.
Qc2+ g6 36. Rxc7 Qxc7 37. Qxc7+ Kg8 38. Qxb6 1-0

[Event "*** Titled Tuesday Blitz"]
[Site "Chess.com"]
[Date "2018.10.02"]
[Round "10"]
[White "tigra"]
[Black "AvitalBor"]
[Result "1-0"]
[WhiteElo "2790"]
[BlackElo "2645"]
[TimeControl "180+2"]
[EndTime "15:12:24 PDT"]
[Termination "tigra won by resignation"]

1. e4 e5 2. f4 Bc5 3. Nf3 d6 4. c3 Nc6 5. d4 exd4 6. cxd4 Bb6 7. Nc3 Bg4 8. Bb5 Bxf3 9. gxf3 Qh4+ 10. Ke2 a6 11.
Ba4 Kf8 12. Bxc6 bxc6 13. Be3 Ne7 14. Qg1 Rb8 15. f5 h6 16. Rc1 d5 17. Qg3 Qh5 18.
Kf2 dxe4 19. fxe4 Rg8 20. Rhg1 g5 21. Na4 f6 22. Nxb6 Rxb6 23. b3 Kf7 24. Qxc7 Qh4+ 25. Ke2 Rb5 26. Kd3 Re8 27. Rxc6 Kg8 28. Re6 Kf7 29. Rc1 Qg4 30. d5 Rb4 31. Rxf6+ Kg8 32. Re6 Qg2 33. Rxe7 1-0

[Event "*** Titled Tuesday Blitz"]
[Site "Chess.com"]
[Date "2018.10.02"]
[Round "10"]
[White "Alex_Terzi"]
[Black "francogreek"]
[Result "0-1"]
[WhiteElo "2438"]
[BlackElo "2372"]
[TimeControl "180+2"]
[EndTime "15:12:26 PDT"]
[Termination "francogreek won by checkmate"]

1. e4 e6 2. d4 d5 3. e5 c5 4. c3 Nc6 5. Nf3 Bd7 6. a3 f6 7. exf6 Nxf6 8. Bd3 cxd4 9. cxd4 Qb6 10. O-O Bd6 11. Nc3 O-O 12. Na4 Qc7 13. b4 a6 14.
Nc5 Ng4 15. g3 Nf6 16. Re1 Rae8 17. Bb2 Bxc5 18. bxc5 Nd8 19. Ne5 Nf7 20. f4 Bc6 21. Bc3 Nxe5 22. fxe5 Ne4 23. Bd2 Rf7 24. Be3 Ref8 25.
Qe2 Qa5 26. Qc2 Rf3 27. Re2 Nxg3 28. hxg3 Rxg3+ 29. Kh2 Rff3 30. Bxh7+ Kh8 31. Bf2 Rh3+ 32. Kg2 Qd8 33. Qg6 Be8 34. Qg4 Bh5 35. Qxh3 Rxh3 36. Kxh3 Bxe2 37. Bc2 Qg5 38. Rh1 Qg4+ 39. Kh2 Bf3 40.
Rg1 Qf4+ 41. Rg3 Kg8 42. Bg6 Be4 43. Kg1 Qc1+ 44. Kh2 Qh1# 0-1

[Event "*** Titled Tuesday Blitz"]
[Site "Chess.com"]
[Date "2018.10.02"]
[Round "10"]
[White "luizzy"]
[Black "PowerThinking2650"]
[Result "1-0"]
[WhiteElo "2406"]
[BlackElo "2321"]
[TimeControl "180+2"]
[EndTime "15:12:27 PDT"]
[Termination "luizzy won on time"]

1. d4 Nf6 2. c4 g6 3. Nc3 Bg7 4.
e4 d6 5. Be2 O-O 6. Bg5 Na6 7. f4 c6 8. Nf3 Nc7 9. Bh4 d5 10. cxd5 cxd5 11. e5 Ne4 12. O-O Bf5 13.
h3 Rc8 14. Rc1 Ne6 15. g4 Nxc3 16. bxc3 Be4 17. Nd2 f5 18. Nxe4 fxe4 19. f5 g5 20. Bg3 Nf4 21. Bxf4 gxf4 22. h4 f3 23. Bxf3 exf3 24.
Qxf3 Kh8 25. g5 Rg8 26. Kh1 Rc6 27. f6 exf6 28. exf6 Bf8 29. Rce1 Qd7 30. Re5 Qf7 31. Qxd5 Qh5 32. Re4 Rxc3 33. f7 Rh3+ 34. Kg2 Rxg5+ 35. Qxg5 1-0

[Event "*** Titled Tuesday Blitz"]
[Site "Chess.com"]
[Date "2018.10.02"]
[Round "10"]
[White "Jbd735"]
[Black "Aklanion"]
[Result "1/2-1/2"]
[WhiteElo "2319"]
[BlackElo "2207"]
[TimeControl "180+2"]
[EndTime "15:12:30 PDT"]
[Termination "Game drawn by repetition"]

1. e4 c5 2. Nf3 e6 3. d4 cxd4 4. Nxd4 Nc6 5. Nxc6 bxc6 6. Bd3 d5 7. O-O Nf6 8. Nc3 Be7 9. Re1 a5 10. e5 Nd7 11.
Qg4 g6 12. Bh6 Bf8 13. Bxf8 Nxf8 14. Na4 Nd7 15. c4 O-O 16. cxd5 cxd5 17. Rac1 Ba6 18. Bxa6 Rxa6 19. Qd4 Qb8 20. a3 Rc8 21. Rc3 Rac6 22. Rxc6 Rxc6 23. Qd2 Nxe5 24. Qxa5 Rc2 25. b4 Ng4 26. g3 Nxf2 27. Qb6 Qa8 28. Nc5 Qxa3 29. Qb8+ Kg7 30. Qe5+ Kg8 31. Qb8+ Kg7 32. Qe5+ Kg8 33. Qb8+ Kg7 34. Qe5+ 1/2-1/2

[Event "*** Titled Tuesday Blitz"]
[Site "Chess.com"]
[Date "2018.10.02"]
[Round "10"]
[White "PaulfromSPb"]
[Black "Jospem"]
[Result "0-1"]
[WhiteElo "2514"]
[BlackElo "2737"]
[TimeControl "180+2"]
[EndTime "15:12:32 PDT"]
[Termination "Jospem won by resignation"]

1. d4 f5 2. Bg5 h6 3. Bh4 g5 4. Bg3 Nf6 5. e3 Bg7 6. h4 g4 7. h5 d6 8. Ne2 O-O 9. Nf4 e6 10. Bc4 d5 11. Bd3 c5 12. c3 Nc6 13. Nd2 Re8 14. Ng6 cxd4 15. cxd4 Qb6 16. b3 Bd7 17. a3 Rac8 18. Kf1 Na5 19. b4 Nc4 20. Nxc4 dxc4 21. Bc2 c3 22. Kg1 Bc6 23. Be5 a5 24. Rb1 axb4 25.
axb4 Ne4 26. Bxg7 Kxg7 27. Ne5 Nd2 28. Ra1 Qxb4 29. Nxc6 Rxc6 30. Kh2 Qd6+ 31. g3 Re7 32. Ra5 b6 33. Rb5 Qd7 34. Qe2 Rd6 35. Ra1 Qe8 36.
Rh1 Qxh5+ 37. Kg2 Qe8 38. d5 Nf3 39. dxe6 Rd2 40. Qc4 Rxc2 41. Rxf5 Qg6 42. Rf4 Ne5 43. Qd4 Qxe6 44. Rh5 Rd2 45. Qxc3 Qd5+ 46. e4 Qd4 47. Qa3 Rf7 48. Rxe5 Rxf2+ 0-1

[Event "*** Titled Tuesday Blitz"]
[Site "Chess.com"]
[Date "2018.10.02"]
[Round "10"]
[White "Rodalquilar"]
[Black "MatthewG-p4p"]
[Result "1-0"]
[WhiteElo "2581"]
[BlackElo "2641"]
[TimeControl "180+2"]
[EndTime "15:12:42 PDT"]
[Termination "Rodalquilar won by resignation"]

1. d4 Nf6 2. Bg5 Ne4 3. Bf4 c5 4. f3 Nf6 5. dxc5 Na6 6. e4 Nxc5 7.
Nc3 d6 8. Qd2 h6 9. O-O-O g5 10.
Be3 Qa5 11. e5 Nh5 12. exd6 exd6 13. Bb5+ Bd7 14. Bxc5 Bxb5 15. Bxd6 O-O-O 16. Nxb5 Qxb5 17.
Qc3+ Qc6 18. Qxc6+ bxc6 19. Bxf8 Rxd1+ 20. Kxd1 Rxf8 21. Ne2 Rd8+ 22. Kc1 Re8 23. Kd2 Rd8+ 24. Ke3 Re8+ 25. Kf2 Rd8 26. Rc1 Kc7 27. Ke1 Re8 28. g3 Nf6 29. c4 g4 30. Kf2 Rd8 31. Rc2 Rd3 32. Rc3 Rd2 33. Rb3 h5 34. Ke1 Rd8 35.
Nf4 Rd4 36. Rc3 gxf3 37. Rxf3 Rxc4 38. Nd3 Ng4 39. Rxf7+ Kb6 40. h3 Ne3 41. Kd2 Nd5 42. Rf5 Rd4 43. a3 h4 44. g4 Re4 45. g5 Re8 46. g6 Rg8 47. Rg5 Rg7 48. Ne5 Nf4 49. Rg4 Nxh3 50. Rxh4 Nf4 51. Rxf4 1-0

[Event "*** Titled Tuesday Blitz"]
[Site "Chess.com"]
[Date "2018.10.02"]
[Round "10"]
[White "tteshan"]
[Black "HouseOfDurin"]
[Result "0-1"]
[WhiteElo "2001"]
[BlackElo "1810"]
[TimeControl "180+2"]
[EndTime "15:12:44 PDT"]
[Termination "HouseOfDurin won by checkmate"]

1. e4 c5 2. c3 d5 3. exd5 Qxd5 4.
d4 cxd4 5. cxd4 Nc6 6. Nf3 Bg4 7.
Be2 e6 8. Nc3 Qa5 9. O-O Nf6 10.
Be3 Be7 11. h3 Bh5 12. Rc1 O-O 13. Nd2 Bxe2 14. Qxe2 Nd5 15. Nxd5 Qxd5 16. b3 Rfd8 17. Rfd1 Rd7 18. Nf3 Rad8 19. Qc4 Bf6 20. Qc2 g6 21. Kh1 Qa5 22. Qe2 Nxd4 23. Bxd4 Bxd4 24. Rc4 Bf6 25. Rdc1 Kg7 26. b4 Qd5 27. Qc2 Qd3 28. Qa4 a6 29.
b5 Qe2 30. bxa6 bxa6 31. Qxa6 Rd1+ 32. Rxd1 Rxd1+ 33. Kh2 Qxf2 34. Qc6 Qxa2 35. Rc2 Qd5 36. Qb6 Be5+ 37. Nxe5 Qxe5+ 38. g3 Qe1 39. Qb2+ Kh6 40. Kg2 Qf1+ 41. Kh2 Qh1# 0-1

[Event "*** Titled Tuesday Blitz"]
[Site "Chess.com"]
[Date "2018.10.02"]
[Round "10"]
[White "Quiet_Desperation"]
[Black "Kirill_Klukin"]
[Result "0-1"]
[WhiteElo "1952"]
[BlackElo "2597"]
[TimeControl "180+2"]
[EndTime "15:12:45 PDT"]
[Termination "Kirill_Klukin won by resignation"]

1. e4 c5 2. d4 cxd4 3. c3 Nf6 4.
e5 Nd5 5. Nf3 Nc6 6. Bc4 e6 7. O-O d6 8. cxd4 Be7 9. Qe2 O-O 10. Nc3 Nxc3 11. bxc3 dxe5 12. dxe5 Qc7 13. Bd3 Rd8 14. Bf4 b6 15. Qe4 g6 16. Rad1 Bb7 17. Qe3 Rd5 18. Be4 Bc5 19. Qc1 Rxd1 20. Rxd1 Rd8 21. h4 Rxd1+ 22. Qxd1 Qd8 23. Qc1 Na5 24. Bxb7 Nxb7 25. Ng5 Qd3 26. Qe1 Qf5 27. Qd2 Be7 28.
Qd7 Qxf4 29. Qxe7 Nc5 30. g3 Qf5 31. f3 h6 32. Ne4 Nxe4 33. fxe4 Qxe5 34. Qxa7 Qxg3+ 35. Kf1 Qf3+ 36. Kg1 Qd1+ 37. Kf2 Qc2+ 38. Kf3 Qxc3+ 39.
Kf4 Qf6+ 40. Ke3 Qc3+ 41. Kf4 e5+ 42. Kg4 h5+ 43. Kg5 Qg3+ 44. Kf6 Qf4+ 45. Ke7 Qxh4+ 46. Kd6 Qf6+ 47. Kd5 h4 48. Qb8+ Kg7 49. Qxe5 0-1

[Event "*** Titled Tuesday Blitz"]
[Site "Chess.com"]
[Date "2018.10.02"]
[Round "10"]
[White "grzechu96"]
[Black "DanielNaroditsky"]
[Result "0-1"]
[WhiteElo "2584"]
[BlackElo "2960"]
[TimeControl "180+2"]
[EndTime "15:12:53 PDT"]
[Termination "DanielNaroditsky won on time"]

1. e4 g6 2. d4 Bg7 3. Nf3 d6 4. Bc4 e6 5. Qe2 Ne7 6. c3 Nbc6 7. O-O h6 8. Nbd2 g5 9. b4 Ng6 10. g3 g4 11. Ne1 h5 12. Ng2 e5 13. b5 Nce7 14.
f3 exd4 15. fxg4 Bxg4 16. Bxf7+ Kd7 17. Nf3 dxc3 18. h3 Bxh3 19. Ng5 Bd4+ 20. Kh2 Bg4 21. Qc4 c5 22. bxc6+ Nxc6 23. Bxg6 Rf8 24. Rf7+ Rxf7 25. Qxf7+ Ne7 26. Bf4 Qg8 27. Qxg8 Rxg8 28. Bf7 Rc8 29. Rc1 Nc6 30. Ne3 Bxe3 31. Bxe3 Ne5 32. Bd4 Nxf7 33. Nxf7 c2 34. Ng5 Rc4 35. Be3 b5 36. Bxa7 Ra4 37. Rxc2 Rxa7 38. Rd2 Kc6 39. Nh3 Be6 40. Rc2+ Bc4 41.
Nf4 Rxa2 42. Rxa2 Bxa2 43. Nxh5 b4 44. Nf4 Bc4 0-1

[Event "*** Titled Tuesday Blitz"]
[Site "Chess.com"]
[Date "2018.10.02"]
[Round "10"]
[White "Cryptinz"]
[Black "chenrip"]
[Result "1-0"]
[WhiteElo "2382"]
[BlackElo "2384"]
[TimeControl "180+2"]
[EndTime "15:12:54 PDT"]
[Termination "Cryptinz won by resignation"]

1. e4 e6 2. Qe2 b6 3. g3 Bb7 4. Bg2 Nf6 5. Nc3 Na6 6. d3 Bc5 7. Be3 Bxe3 8. Qxe3 O-O 9. Nf3 d5 10.
O-O dxe4 11. Nxe4 Nxe4 12. dxe4 Nc5 13. Ne5 Qf6 14. f4 Rfd8 15. Rad1 h6 16. b4 Na4 17. Qb3 b5 18. c4 Qe7 19. cxb5 Nb6 20. Nc6 Bxc6 21.
bxc6 e5 22. fxe5 Rxd1 23. Rxd1 Qxe5 24. Rf1 Rf8 25. a4 Qd4+ 26. Kh1 Nc4 27. Rd1 Nd2 28. Qd5 Rd8 29. Qxd4 Rxd4 30. b5 Kf8 31. a5 Ke7 32. Bh3 Kd6 33. Kg2 Kc5 34. b6 axb6 35. a6 Kxc6 36. Bc8 Kc5 37. Bb7 Ra4 38. Rxd2 b5 39. Rc2+ Kb6 40. Rc6+ Ka7 41. Rxc7 Kb6 42. Rxf7 b4 43. Rf2 1-0

[Event "*** Titled Tuesday Blitz"]
[Site "Chess.com"]
[Date "2018.10.02"]
[Round "10"]
[White "GMBenjaminFinegold"]
[Black "topotun"]
[Result "0-1"]
[WhiteElo "2308"]
[BlackElo "2691"]
[TimeControl "180+2"]
[EndTime "15:12:55 PDT"]
[Termination "topotun won by checkmate"]

1. d4 Nf6 2. c4 e6 3. Nc3 d5 4. Bg5 Bb4 5. cxd5 exd5 6. e3 Nbd7 7. Bd3 O-O 8. Ne2 c6 9. O-O Be7 10. Rb1 a5 11. a3 Ne4 12. Bf4 f5 13. b4 axb4 14. axb4 b5 15. f3 Nd6 16. e4 dxe4 17. fxe4 Nb6 18. Bxd6 Qxd6 19. exf5 Ra3 20. Qc1 Ra7 21. Qc2 Qh6 22. Ng3 Bf6 23. Qf2 Ra3 24. Rbc1 Rd8 25. Nge2 Bd7 26. Kh1 Be8 27. Be4 Nc4 28.
d5 Be5 29. h3 Nd2 30. Rfd1 Bxc3 31. Nxc3 Rxc3 32. Rxc3 Nxe4 33. Qb6 Qd6 34. Re3 Nf2+ 35. Kg1 Nxd1 36. Re7 Qxe7 37. dxc6 Qe3+ 38. Qxe3 Nxe3 39. Kf2 Nxf5 40. g4 Nd4 41. c7 Rc8 42. Ke3 Ne6 43. Ke4 Rxc7 44. Ke5 Kf7 45. Kd6 Rc4 46. g5 Rxb4 47.
h4 g6 48. h5 gxh5 49. g6+ hxg6 50. Ke5 h4 51. Kd6 h3 52. Ke5 h2 53. Kd6 h1=Q 54.
Ke5 Qh2+ 55. Kd5 Rd4# 0-1

[Event "*** Titled Tuesday Blitz"]
[Site "Chess.com"]
[Date "2018.10.02"]
[Round "10"]
[White "Kawhi_Leonard2"]
[Black "vovachesss"]
[Result "0-1"]
[WhiteElo "2276"]
[BlackElo "2476"]
[TimeControl "180+2"]
[EndTime "15:12:59 PDT"]
[Termination "vovachesss won by resignation"]

1. e4 e5 2. Nf3 d6 3. d4 exd4 4. Nxd4 Nf6 5. Nc3 Nc6 6. Bf4 Be7 7. Qd2 O-O 8. O-O-O Nd7 9. h4 Nxd4 10. Qxd4 Bf6 11.
Qd2 a6 12. g4 b5 13. g5 Bxc3 14. Qxc3 Bb7 15. Bd3 Qe7 16. h5 Ne5 17. h6 g6 18.
Kb1 c5 19. a3 f6 20. gxf6 Qxf6 21. Be3 c4 22. Be2 Bxe4 23. f4 Nc6 24. Qxf6 Rxf6 25. Rhg1 Re8 26. Rg3 d5 27. Kc1 a5 28. Bg4 b4 29. Bd7 Rb8 30. Bxc6 Rxc6 31. axb4 axb4 32. f5 c3 33. fxg6 hxg6 34. Bd4 Ra8 35. bxc3 bxc3 36. Rxc3 Rxc3 37. Bxc3 Ra2 38. Rd2 Kh7 39. Rh2 g5 40.
Bg7 g4 41. Rh4 g3 42. Rg4 Rxc2+ 43. Kd1 g2 44. Bd4 Rc4 45. Be3 Bf3+ 0-1

[Event "*** Titled Tuesday Blitz"]
[Site "Chess.com"]
[Date "2018.10.02"]
[Round "10"]
[White "hypert"]
[Black "StoreySniper"]
[Result "1-0"]
[WhiteElo "2329"]
[BlackElo "2394"]
[TimeControl "180+2"]
[EndTime "15:13:09 PDT"]
[Termination "hypert won by resignation"]

1. Nf3 g6 2. g3 Bg7 3. Bg2 d5 4.
O-O c5 5. d4 cxd4 6. Nxd4 e6 7. c4 Nc6 8. Nxc6 bxc6 9. Nc3 Ne7 10. Qa4 O-O 11. Rd1 Bd7 12. Bg5 f6 13. Be3 e5 14.
cxd5 cxd5 15. Qa3 d4 16. Bxa8 Qxa8 17. Qxe7 Bh3 18. f3 Rf7 19. Qd6 dxc3 20. Qd8+ Rf8 21. Qxa8 Rxa8 22. bxc3 f5 23. Rab1 f4 24. Bf2 fxg3 25.
Bxg3 Be6 26. a4 e4 27. Rb8+ Rxb8 28. Bxb8 a6 29. fxe4 Bb3 30. Rd8+ Kf7 31. Rd7+ Kg8 32. a5 Bc4 33. e5 Bf8 34. Bd6 Bh6 35. Kf2 Bd2 36.
Rc7 Be6 37. Bb4 Bf4 38. Rc6 Kf7 39. Bd6 Bxh2 40. Rxa6 h5 41. Ra7+ Kg8 42. a6 h4 43.
Ra8+ Kh7 44. Be7 Bg3+ 45. Ke3 h3 46. Bf6 Bg8 47. Ra7+ Kh6 48. Rd7 h2 49. Rd1 Bd5 50. a7 h1=Q 51. Rxh1+ Bxh1 52. e6 Bd6 53. Be5 Bc5+ 54.
Bd4 Bxd4+ 55. Kxd4 Kg7 56. e4 Kf6 57. a8=Q 1-0

[Event "*** Titled Tuesday Blitz"]
[Site "Chess.com"]
[Date "2018.10.02"]
[Round "10"]
[White "Last7Samurai"]
[Black "MFBerna"]
[Result "0-1"]
[WhiteElo "2725"]
[BlackElo "2449"]
[TimeControl "180+2"]
[EndTime "15:13:14 PDT"]
[Termination "MFBerna won on time"]

1. e4 d6 2. d4 Nf6 3. Nc3 e5 4. Nf3 Nbd7 5. g4 h6 6. g5 hxg5 7.
Nxg5 Nb6 8. dxe5 Nh5 9. exd6 Qxd6 10. Be3 Nf4 11. Nb5 Qb4+ 12. c3 Ng2+ 13. Bxg2 Qxb5 14.
Qb3 Qxb3 15. axb3 f6 16. Nf3 Bg4 17. Nd4 a6 18. h3 Bd7 19. O-O-O a5 20. f4 a4 21.
bxa4 Nc4 22. Bf2 Bd6 23. e5 fxe5 24. fxe5 Nxe5 25. Nb5 Rxa4 26. Nxd6+ cxd6 27. Rxd6 Ra1+ 28. Kc2 Bf5+ 29. Kb3 Rxh1 30. Bxh1 Rxh3 31. Bxb7 Nd3 32. Bb6 Rh2 33. Rd8+ Ke7 34. Ka3 Rxb2 35. Ba5 Rxb7 36. Rd4 Ra7 37. Ka4 Bd7+ 38. Kb3 Nc5+ 39. Kb4 Rxa5 0-1

[Event "*** Titled Tuesday Blitz"]
[Site "Chess.com"]
[Date "2018.10.02"]
[Round "10"]
[White "biostatistician"]
[Black "lucasmito"]
[Result "0-1"]
[WhiteElo "2544"]
[BlackElo "2404"]
[TimeControl "180+2"]
[EndTime "15:13:26 PDT"]
[Termination "lucasmito won by resignation"]

1. d4 Nf6 2. Nf3 g6 3. c4 Bg7 4.
Nc3 d5 5. cxd5 Nxd5 6. e4 Nxc3 7. bxc3 O-O 8. Be2 c5 9. O-O Nc6 10. Be3 Qa5 11. Qb3 Bg4 12. Rad1 Rad8 13. e5 cxd4 14. cxd4 Be6 15. Qxb7 Bd5 16. Qa6 Qxa2 17. Qxa2 Bxa2 18. Rd2 Bd5 19. Ra1 Rd7 20. Kf1 Rfd8 21. Ke1 e6 22. Ra4 Bf8 23. Bb5 Bb4 24. Rxb4 Nxb4 25. Bxd7 Rxd7 26. Ke2 a5 27. Rb2 Ra7 28. Bd2 Nc6 29.
Bc3 a4 30. Ne1 a3 31. Rb6 a2 32. Ba1 Ra4 33. Nc2 Rc4 34. Kd3 Na5 35. Ra6 Nb3 36. f3 Nxa1 37. Nxa1 Rc1 38. Nc2 Bb3 39. Ra8+ Kg7 40.
Kc3 Bxc2 41. Kb2 Rb1+ 42. Kxc2 a1=Q 43. Rxa1 Rxa1 0-1

[Event "*** Titled Tuesday Blitz"]
[Site "Chess.com"]
[Date "2018.10.02"]
[Round "10"]
[White "TastyFrenchFries"]
[Black "JonahWillow"]
[Result "1/2-1/2"]
[WhiteElo "2442"]
[BlackElo "2693"]
[TimeControl "180+2"]
[EndTime "15:13:31 PDT"]
[Termination "Game drawn - insufficient material"]

1. Na3 c5 2. Nh3 d6 3. g3 g6 4. c3 Bg7 5. Bg2 Nf6 6. O-O O-O 7. f4 Nc6 8. Nf2 e5 9. d3 Re8 10. Nc4 d5 11. Nxe5 Nxe5 12. fxe5 Rxe5 13. Bf4 Re8 14.
e4 dxe4 15. dxe4 Be6 16. Qc2 Qb6 17. Kh1 Rad8 18. Be3 Qc7 19. Bf4 Qb6 20. Be3 Qc7 21. Bf4 Qe7 22. Rad1 Nh5 23. Be3 Bc4 24. Rxd8 Rxd8 25. Rd1 b6 26. Rxd8+ Qxd8 27. b3 Be6 28. c4 Bd4 29. Qd2 Nf6 30. Bxd4 Qxd4 31. Qxd4 cxd4 32. Kg1 Kf8 33. Nd3 Ke7 34. Kf1 Nd7 35. Ke2 Kd6 36. Kd2 Ne5 37. Nf4 Bd7 38. h3 Bc6 39.
Nd5 Bxd5 40. exd5 f5 41. a3 h6 42. h4 g5 43. hxg5 hxg5 44. Bh3 f4 45. gxf4 gxf4 46.
Be6 f3 47. Bc8 Kc5 48. Bh3 a6 49. Ke1 a5 50. Bc8 b5 51. cxb5 Kxd5 52. Kf2 d3 53. Ke3 Kc5 54. a4 Kb4 55. b6 f2 56.
Kxf2 d2 57. Ke2 Kc3 58. Bf5 Nc6 59. Kd1 Nd8 60. Be4 Kxb3 61. b7 Nxb7 62. Bxb7 Kxa4 63. Bc6+ Kb3 64. Kxd2 a4 65. Bd5+ Kb2 66. Kd3 a3 67. Bc4 Kb1 68. Kc3 a2 69. Bxa2+ 1/2-1/2

[Event "*** Titled Tuesday Blitz"]
[Site "Chess.com"]
[Date "2018.10.02"]
[Round "10"]
[White "ahmadzada13"]
[Black "robbykevlishvili"]
[Result "1-0"]
[WhiteElo "2658"]
[BlackElo "2680"]
[TimeControl "180+2"]
[EndTime "15:13:32 PDT"]
[Termination "ahmadzada13 won by checkmate"]

1. d4 d5 2. c4 c6 3. Nc3 Nf6 4. Nf3 e6 5. Bg5 h6 6. Bxf6 Qxf6 7. e3 Nd7 8. Bd3 g6 9. O-O Bg7 10. cxd5 exd5 11. e4 dxe4 12. Nxe4 Qe7 13. Re1 O-O 14. Qb3 Nb6 15. Rac1 Qd8 16. Nc5 Qd5 17. Qa3 Qd6 18. Qb3 Qf6 19. Ne5 Kh7 20. Re3 Nd5 21. Rf3 Qg5 22.
Re1 Bxe5 23. Rxe5 Qc1+ 24. Bf1 b6 25. Nd3 Qd2 26. Qc4 Bd7 27. Qa4 Be6 28. Re2 Qg5 29. Re5 Qd8 30. Qxc6 Rc8 31. Qa4 a5 32. Nf4 Nxf4 33. Rxf4 Rc1 34. d5 Bd7 35. Qb3 Qc7 36. Ree4 Ra1 37. d6 Qc1 38. Rxf7+ Kg8 39. Rff4+ Be6 40.
Qxe6+ Kh7 41. Qd7+ Kg8 42. Rxf8+ Kxf8 43. Qe7+ Kg8 44.
Qe8+ Kg7 45. Re7+ Kf6 46. Qh8+ Kg5 47. Qe5+ Kh4 48. Qg3+ Kh5 49. Qf3+ Kh4 50. g3+ Kg5 51. Re5# 1-0

[Event "*** Titled Tuesday Blitz"]
[Site "Chess.com"]
[Date "2018.10.02"]
[Round "10"]
[White "farzadbfd"]
[Black "Gabrielian_Artur"]
[Result "0-1"]
[WhiteElo "2537"]
[BlackElo "2683"]
[TimeControl "180+2"]
[EndTime "15:13:43 PDT"]
[Termination "Gabrielian_Artur won by checkmate"]

1. e4 c5 2. Nc3 d6 3. g3 Nc6 4. Bg2 g6 5. d3 Bg7 6. Be3 e6 7. Qd2 Rb8 8. Nge2 b5 9. a3 Nge7 10. Bh6 O-O 11. Bxg7 Kxg7 12. d4 cxd4 13. Nxd4 Nxd4 14.
Qxd4+ e5 15. Qxa7 Nc6 16. Qe3 Nd4 17. Qd2 b4 18. axb4 Rxb4 19. b3 Bh3 20. O-O Bxg2 21.
Kxg2 Rb8 22. Ne2 Ne6 23. Rfd1 Rb6 24. Ra5 Qc7 25. Rd5 Rc6 26. c3 Nc5 27. Qc2 f5 28. exf5 Rxf5 29. b4 Ne6 30. Qd2 Ng5 31. Qe3 Nf7 32.
h4 Rc4 33. Ra1 Qb7 34. Ra5 h5 35. Qa7 Qc6 36. Qa6 Qc7 37. Rab5 Rg4 38. Rb7 Qd8 39.
Rxd6 Qe8 40. Rdd7 Re4 41. Qd3 Rg4 42. f3 e4 43. Qd4+ Kg8 44. fxg4 hxg4 45. Nf4 Qa8 46. Qxe4 Qa2+ 47. Qe2 Qb1 48. Qxg4 Qe4+ 49. Kh3 Qh1# 0-1

[Event "*** Titled Tuesday Blitz"]
[Site "Chess.com"]
[Date "2018.10.02"]
[Round "10"]
[White "GCamachoMartinez"]
[Black "b_6"]
[Result "0-1"]
[WhiteElo "2274"]
[BlackElo "2395"]
[TimeControl "180+2"]
[EndTime "15:13:49 PDT"]
[Termination "b_6 won by resignation"]

1. d4 d5 2. c4 e6 3. Nf3 Nf6 4. Nc3 c5 5. cxd5 Nxd5 6. e4 Nxc3 7. bxc3 cxd4 8. cxd4 Bb4+ 9. Bd2 Bxd2+ 10. Qxd2 O-O 11.
Bc4 Nd7 12. O-O b6 13. Rad1 Bb7 14. Rfe1 Rc8 15. Bb3 Qf6 16. h4 Rfd8 17. Qe3 Nf8 18. h5 h6 19. Ne5 Nd7 20. Nf3 a6 21. Rc1 b5 22. d5 exd5 23. exd5 Qd6 24. Nd4 Rxc1 25.
Rxc1 Nf6 26. Nf5 Qd7 27. Nxh6+ gxh6 28. Qxh6 Qf5 29. Rc3 Qxf2+ 30. Kxf2 Ng4+ 31. Kg3 Nxh6 32. Kf4 Rd7 33. Rd3 Kg7 34. g4 f6 35. d6 Nf7 36.
Bxf7 Kxf7 37. Kf5 Bc8 38. Ke4 Ke6 39. Kf4 Bb7 40. h6 Bc8 41. Re3+ Kf7 42. Re7+ Rxe7 43.
dxe7 Bd7 44. g5 fxg5+ 45. Kxg5 Kg8 46. Kf6 a5 47. Kg6 b4 48. h7+ Kh8 49. Kf7 a4 50. e8=Q+ Bxe8+ 51. Kxe8 b3 52. axb3 axb3 0-1

[Event "*** Titled Tuesday Blitz"]
[Site "Chess.com"]
[Date "2018.10.02"]
[Round "10"]
[White "Anton_Demchenko"]
[Black "dretch"]
[Result "0-1"]
[WhiteElo "2821"]
[BlackElo "2794"]
[TimeControl "180+2"]
[EndTime "15:14:16 PDT"]
[Termination "dretch won by checkmate"]

1. d4 d5 2. Bf4 c5 3. e3 Nc6 4. Nf3 Nf6 5. Nbd2 Qb6 6. dxc5 Qxc5 7. a3 Bg4 8. Be2 e6 9. O-O Be7 10. c4 Qb6 11. b4 O-O 12. c5 Qd8 13. Rc1 Nh5 14. Bg3 Nxg3 15. hxg3 Bf6 16. Qb3 Rc8 17. Rfd1 h5 18. Ne4 dxe4 19. Rxd8 Rfxd8 20. b5 Na5 21. Qb4 b6 22. Qxe4 Nb3 23. Rd1 Nxc5 24. Rxd8+ Rxd8 25. Qc4 g6 26. a4 e5 27. Qa2 e4 28. Nh4 Be6 29. Bc4 Rd1+ 30. Kh2 Ra1 31. Qc2 g5 32. Bxe6 fxe6 33. Qe2 gxh4 34. Qxh5 hxg3+ 35. Kxg3 Kg7 36. Qg4+ Kf7 37. Qh5+ Ke7 38. Qh7+ Kd6 39. Qxa7 Be5+ 40. Kg4 Nd7 41. Qa8 Ke7 42. g3 Ra2 43. f4 exf3 44.
Kxf3 Ra3 45. Kf2 Bd6 46. g4 Bc5 47. Ke2 Ne5 48. g5 Ra2+ 49. Kd1 Bxe3 50. Qb7+ Kd6 51.
Qb8+ Kd5 52. g6 Rd2+ 53. Kc1 Nd3+ 54. Kb1 Rb2+ 55. Ka1 Bd4 56. g7 Rxb5+ 57. Ka2 Nc1+ 58. Ka3 Bb2# 0-1

[Event "*** Titled Tuesday Blitz"]
[Site "Chess.com"]
[Date "2018.10.02"]
[Round "10"]
[White "Buffy7"]
[Black "Kouzari"]
[Result "1-0"]
[WhiteElo "2653"]
[BlackElo "2490"]
[TimeControl "180+2"]
[EndTime "15:14:27 PDT"]
[Termination "Buffy7 won on time"]

1. e4 e6 2. d4 d5 3. Nc3 Bb4 4. e5 c5 5. a3 Bxc3+ 6. bxc3 Qa5 7. Bd2 Qa4 8. Qg4 Kf8 9. Qd1 b6 10. Nf3 Ba6 11. c4 Bxc4 12. dxc5 Bxf1 13. Rxf1 bxc5 14. Rb1 Nc6 15. Rb7 h6 16. Qb1 Nge7 17. Qb5 Qxc2 18.
Ke2 Qe4+ 19. Kd1 Kg8 20. Re1 Qg4 21. Qxc5 Qxg2 22. Ke2 Qg4 23. Rxe7 Nxe7 24. Qxe7 Qe4+ 25. Be3 Rb8 26. Nd2 Qg6 27. f3 Kh7 28. Rg1 Qf5 29. Qxa7 Rb2 30. Qd4 Rhb8 31. Rg4 Ra2 32. Rf4 Qg6 33.
Rg4 Qf5 34. Rf4 Qh5 35. Rh4 Qg6 36. Rg4 Qc2 37. a4 Rbb2 38. Qd3+ Qxd3+ 39. Kxd3 Ra3+ 40. Ke2 Rba2 41. Rb4 Rxa4 42. Rb8 Kg6 43. Rg8 d4 44.
Bf2 R2a3 45. h4 Ra2 46. h5+ Kh7 47. Rf8 R4a3 48. Bxd4 Ra4 49. Bf2 Ra5 50. f4 Rd5 51. Be3 Ra3 52. Rxf7 Rdd3 53. Bf2 Rh3 54. Re7 Ra6 55. Rd7 Rxh5 56. Ne4 Rf5 57. Kf3 Kg6 58. Nd6 Rf8 59. Re7 Kh5 60. Rxg7 Ra3+ 61. Be3 Rb8 62. f5 Rbb3 63. Nc4 Ra4 64. Nd2 Rba3 65. Rg6 1-0